AoeStats
← aDT_The Night Panda

Oasis

507968605Analyzed
4v4 RM · 11d ago on Sep 20, 2026· 26m 7s· 8 players
Game mode
Random Map
Map size
Large (8 player)
Population
200
Speed
Normal
Resources
Standard
Victory
Conquest
Starting age
Dark Age
Ending age
Imperial Age
RankedLock teamsTeams togetherTeam positionsShared explorationLock speedFull tech treeHidden civsTurbo modeCheats
Victory
Defeat
🇩🇰 Ethiopians · Denmark
1743
+7
🇩🇰 Persians · Denmark
1576
+12
🇩🇰 Britons · Denmark
1566
+12
🇩🇰 Magyars · Denmark
1394
+19
🇨🇳 Wei · China
1507
-13
🇭🇰 Wu · Hong Kong SAR China
1501
-13
🇫🇷 Franks · France
1495
-13
1455
-11
-GNG-Tenma
3:18 Loom
8:54 Feudal Age
9:43 Double-Bit Axe
10:57 Horse Collar
14:02 Scale Barding Armor
15:19 Forging
21:03 Castle Age
19:43 Bloodlines
19:39 Gold Mining
21:25 Fletching
21:35 Padded Archer Armor
22:11 Bow Saw
22:40 Gold Shaft Mining
22:09 Bodkin Arrow
22:30 Husbandry
22:57 Light Cavalry
pray4u
6:53 Loom
9:22 Feudal Age
10:01 Man-at-Arms
14:18 Double-Bit Axe
17:01 Town Watch
22:54 Castle Age
22:52 Fletching
23:11 Horse Collar
23:24 Elite Skirmisher
我放了个屁她顺风追了
6:55 Loom
9:33 Feudal Age
10:42 Double-Bit Axe
13:48 Fletching
14:42 Padded Archer Armor
berber.sinan
10:13 Feudal Age
15:00 Castle Age
14:36 Double-Bit Axe
16:34 Bow Saw
18:06 Loom
19:30 Scale Barding Armor
24:17 Wheelbarrow
24:34 Gold Mining
25:51 Husbandry
26:15 Forging
DK | murphelele
4:55 Loom
10:19 Feudal Age
11:38 Double-Bit Axe
21:48 Castle Age
20:21 Gold Mining
20:14 Horse Collar
21:13 Town Watch
22:00 Bloodlines
22:49 Scale Barding Armor
23:33 Padded Archer Armor
23:57 Chain Barding Armor
26:42 Husbandry
aDT_The Night Panda
8:52 Feudal Age
7:08 Loom
9:35 Double-Bit Axe
15:17 Fletching
16:32 Padded Archer Armor
23:15 Horse Collar
27:34 Castle Age
25:40 Gold Mining
DK | MadsKillz
5:39 Loom
8:38 Feudal Age
9:25 Double-Bit Axe
9:43 Horse Collar
11:46 Scale Barding Armor
13:44 Forging
16:56 Wheelbarrow
19:45 Castle Age
18:10 Gold Mining
18:54 Bloodlines
20:19 Husbandry
20:53 Chain Barding Armor
26:22 Iron Casting
Kejserguldbajer 2.
6:53 Loom
9:12 Feudal Age
10:40 Double-Bit Axe
13:42 Fletching
15:05 Padded Archer Armor
21:12 Castle Age
19:19 Gold Mining
21:48 Bodkin Arrow
21:19 Crossbowman
22:44 Leather Archer Armor
23:35 Ballistics
24:50 Wheelbarrow
Connection lost

Rejoining the realm…

Still unreachable

The connection could not be restored.

Session expired

The server has moved on; the page needs a fresh start.